 Dungeon Crawl Stone Soup version 0.30-a0-347-gf58ed5266c (webtiles) character file.

Game seed: 6039047912821039309

79 bande the Trooper (level 4, -1/29 HPs)
             Began as a Gargoyle Fighter on Nov 7, 2022.
             Slain by Grinder (9 damage)
             ... on level 3 of the Dungeon.
             The game lasted 00:02:59 (1882 turns).

bande the Trooper (Gargoyle Fighter)                Turns: 1882, Time: 00:02:59

Health: -1/29      AC: 16    Str: 19    XL:     4   Next: 38%
Magic:  4/4        EV:  7    Int:  7    God:
Gold:   119        SH:  4    Dex: 11    Spells: 3/3 levels left

rFire   . . .      SeeInvis .    a - +0 war axe
rCold   . . .      Faith    .    c - +0 buckler
rNeg    + . .      Spirit   .    p - +0 chain mail
rPois   ∞          Reflect  .    g - +0 helmet
rElec   +          Harm     .    i - +1 cloak of Mauwaol {Rampage +Blink Regen+ Int-2}
rCorr   .          Rampage  +    (no gloves)
Will    .....                    (no boots)
Stlth   ..........               (no amulet)
HPRegen 1.04/turn                (no ring)
MPRegen 0.09/turn                (no ring)

@: no status effects
A: sickness immunity, AC +3, negative energy resistance 1, electricity
resistance, torment resistance 1, petrification resistance
a: Evoke Blink


You were on level 3 of the Dungeon.
You visited 1 branch of the dungeon, and saw 3 of its levels.

You collected 119 gold pieces.

Inventory:

Hand Weapons
 a - a +0 war axe (weapon)
Armour
 c - a +0 buckler (worn)
 g - a +0 helmet (worn)
 i - the +1 cloak of Mauwaol (worn) {Rampage +Blink Regen+ Int-2}
   (You acquired it on level 2 of the Dungeon)

   Int:       It affects your intelligence (-2).
   +Blink:    It lets you blink.
   Regen:     It increases your rate of health regeneration.
   Rampage:   It bestows one free step when moving towards enemies.
 p - a +0 chain mail (worn)
Scrolls
 b - a scroll of amnesia {unknown}
 f - a scroll of teleportation
 h - 3 scrolls of identify
 j - a scroll of noise {unknown}
 k - a scroll of magic mapping {unknown}
 l - 2 scrolls of blinking {unknown}
 n - a scroll of vulnerability {unknown}
 q - a scroll of immolation {unknown}
 r - a scroll of fog {unknown}
Potions
 d - a potion of might
 e - 2 potions of berserk rage
 m - a potion of curing {unknown}
 o - 2 potions of cancellation {unknown}


   Skills:
 + Level 4.2 Fighting
 + Level 2.7 Axes
 + Level 3.7 Armour
 + Level 3.7 Shields


You had 3 spell levels left.
You didn't know any spells.
Your spell library contained the following spells:

 Spells                   Type           Power      Damage    Failure   Level
 Freezing Cloud           Conj/Ice/Air   0%         6-21      100%        5
 Simulacrum               Ice/Necr       0%         N/A       100%        6
 Polar Vortex             Ice            0%         N/A       100%        9


Dungeon Overview and Level Annotations

Branches:
Dungeon (3/15)

Altars:
Cheibriados
Elyvilon

Annotations:
D:3 Grinder


Innate Abilities, Weirdness & Mutations

You are immune to sickness and miasma.
Your stone body is resilient. (AC +3)
You are immune to poison.
You resist negative energy. (rN+)
You are resistant to electric shocks. (rElec)
You are resistant to unholy torment.
You are immune to petrification.


Message History

Pain shoots through your body! The orc priest barely misses you.
You hit the orc priest but do no damage.
Grinder gestures at you.
You suddenly lose the ability to move!
The orc priest hits you but does no damage.
The orc priest hits you but does no damage.
The kobold hits you but does no damage.
You can move again.
You rampage towards Grinder!
You closely miss Grinder. You hit the kobold.
You kill the kobold!
You hit the orc priest. Grinder gestures at you.
You shrug off the repeated paralysis!
You block the orc priest's attack.
The orc priest hits you with a +0 flail.
Grinder gestures at you. Pain shoots through your body!
You barely miss Grinder.
You hit the orc priest but do no damage.
Grinder hits you but does no damage.
The orc priest mumbles some strange prayers to Beogh against you.
You barely resist.
Unknown command.
You hit Grinder.
Grinder is lightly wounded.
You hit the orc priest. Grinder hits you but does no damage.
The orc priest begins to cast a cantrip, but forgets the words!
Unknown command.
You hit Grinder.
Grinder is moderately wounded.
You barely miss the orc priest.
Grinder drinks a potion.
Grinder seems to grow stronger.
The orc priest hits you with a +0 flail.
Grinder hits you!
You writhe in agony.
The orc priest hits you with a +0 flail.
* * * LOW HITPOINT WARNING * * *
You slash Grinder!
Grinder is heavily wounded.
You hit the orc priest but do no damage.
Grinder hits you!
You die...

≈≈# #...#...#
..$..≈≈##
#.#.#._.#
......≈≈##
#...#...#
#......≈≈##
##..#
........≈≈# #.##
.........≈####.#
..........'..#.#
#...#..)..'....#
......5@..'.##.#
.......o)≈####.#
........≈≈# #.#
#......≈≈## #.#
......≈≈## #.#
.....≈≈## #..
....≈≈# #..
...≈≈#


You could see Grinder (strong) and an orc priest.

Vanquished Creatures
  A gnoll (D:1)
  2 adders (D:2)
  A worm (D:3)
  2 dart slugs (D:2)
  2 orcs (D:3)
  A giant cockroach (D:2)
  2 goblins (D:1)
  4 hobgoblins
  A jackal (D:2)
  5 kobolds
  2 quokkas
  3 ball pythons
  10 bats (D:2)
  4 frilled lizards (D:1)
  5 rats
45 creatures vanquished.

Vanquished Creatures (others)
  A plant (D:1)
1 creature vanquished.

Grand Total: 46 creatures vanquished

Notes
Turn   | Place    | Note
-------+----------+-------------------------------------------
     0 | D:1      | bande the Gargoyle Fighter began the quest for the Orb.
     0 | D:1      | Reached XP level 1. HP: 14/14 MP: 1/1
   152 | D:1      | Reached XP level 2. HP: 3/20 MP: 2/2
   328 | D:1      | Found a faded altar of an unknown god.
   678 | D:1      | Reached XP level 3. HP: 22/24 MP: 3/3
  1040 | D:2      | Reached skill level 4 in Fighting
  1373 | D:2      | Reached XP level 4. HP: 26/29 MP: 4/4
  1404 | D:2      | Identified a scroll of acquirement
  1404 | D:2      | Acquired the +1 cloak of Mauwaol {Rampage +Blink Regen+
                  | Int-2}
  1782 | D:3      | Found a snail-covered altar of Cheibriados.
  1849 | D:3      | Found a white marble altar of Elyvilon.
  1874 | D:3      | Noticed Grinder
  1876 | D:3      | Paralysed by Grinder for 2 turns
  1882 | D:3      | Slain by Grinder

Illustrated notes

Levels and vault maps discovered:
D:1:      kilobyte_arrival_exit_the_forest, layout_loops_ring,
          dreamdust_ecumenical_altar_grove, minmay_tromino_mix6
D:2:      layout_basic, st_stairs_13, nicolae_kite_square_tiling_tiny,
          kennysheep_nondescript
D:3:      layout_loops_ring, mainiacjoe_overflow_boulevard, slow_altar_1,
          kennysheep_cluttered_room, minmay_joined_circles, uniq_natasha,
          uniq_grinder

Skill      XL: |  1  2  3 |
---------------+----------+-----
Axes           | 2 |  2.7
Fighting       | 4 |  4.2
Armour         | |  3.7
Shields        | |  3.7

Action                   |  1- 3 |  4- 6 || total
-------------------------+-------+-------++-------
Melee: War axe           |    98 |    37 ||   135
  Use: Scroll            |       |     3 ||     3
Armor: Scale mail        |    88 |    10 ||    98
       Chain mail        |       |    11 ||    11
Dodge: Dodged            |    56 |    29 ||    85
Block: Buckler           |    28 |     9 ||    37

Table legend: (Time is in decaauts)
 A = Elapsed time spent in this place.
 B = Non-inter-level travel time spent in this place.
 C = Inter-level travel time spent in this place.
 D = Time resting spent in this place.
 E = Time spent auto-exploring this place.
 F = Levels seen in this place.
 G = Mean time per level.
                   A        B        C        D        E       F      G
               +--------+--------+--------+--------+--------+-----+--------+
         Total |   1950 |   1859 |     91 |    173 |   1292 |   3 |  650.0 |
       Dungeon |   1950 |   1859 |     91 |    173 |   1292 |   3 |  650.0 |
               +--------+--------+--------+--------+--------+-----+--------+

Top non-repeatable levels by time:
     D:1: 1041 daAuts
     D:2: 769 daAuts
     D:3: 140 daAuts
